 Dungeon Crawl Stone Soup version 0.29-a0-106-g0a07039d5a (webtiles) character file.

Game seed: 2228384612832644120

1086 circuitbored the Skirmisher (level 8, -1/70 HPs)
             Began as a Hill Orc Monk on Feb 16, 2022.
             Slain by a killer bee (4 damage)
             ... on level 6 of the Dungeon.
             The game lasted 00:10:40 (1976 turns).

circuitbored the Skirmisher (Hill Orc Monk)         Turns: 1976, Time: 00:10:40

Health: -1/70      AC:  3    Str: 16    XL:     8   Next: 30%
Magic:  8/8        EV: 13    Int: 10    God:
Gold:   101        SH:  0    Dex: 15    Spells: 7/7 levels left

rFire   . . .      SeeInvis .   e - +6 quarterstaff of Change {holy, rPois Str+2 Stlth+}
rCold   . . .      Faith    .   (shield currently unavailable)
rNeg    . . .      Spirit   .   d - +0 leather armour
rPois   +          Reflect  .   (no helmet)
rElec   .          Harm     .   (no cloak)
rCorr   .          Rampage  .   (no gloves)
Will    .....                   (no boots)
Stlth   +++.......              (no amulet)
HPRegen 0.21/turn               (no ring)
MPRegen 0.11/turn               (no ring)

@: no status effects
A: no striking features
a: no special abilities


You were on level 6 of the Dungeon.
You visited 2 branches of the dungeon, and saw 7 of its levels.

You collected 101 gold pieces.

Inventory:

Hand Weapons
 e - the +6 quarterstaff of Change (weapon) {holy, rPois Str+2 Stlth+}
   (You found it on level 2 of the Dungeon)

   It has been blessed by the Shining One to cause great damage to the undead
   and demons.
   Str:       It affects your strength (+2).
   rPois:     It protects you from poison.
   Stlth:     It makes you more stealthy.
Armour
 d - a +0 leather armour (worn)
Scrolls
 a - a scroll of teleportation
 g - a scroll of torment


   Skills:
 + Level 5.7 Fighting
 + Level 4.5 Axes
 + Level 5.4 Staves
 + Level 3.9 Armour
 + Level 3.3 Dodging
 + Level 3.4 Stealth


You had 7 spell levels left.
You didn't know any spells.
Your spell library contained the following spells:

 Spells                   Type           Power      Damage    Failure   Level
 Gell's Gravitas          Tloc           0%         N/A       80%         3
 Lesser Beckoning         Tloc           0%         N/A       80%         3
 Teleport Other           Tloc           0%         N/A       80%         3


Dungeon Overview and Level Annotations

Branches:
Dungeon (6/15)             Temple (1/1) D:4

Altars:
Ashenzari
Dithmenos
Elyvilon
Fedhas
Hepliaklqana
Okawaru
Ru
Trog
Uskayaw
Xom
Yredelemnul
Zin
The Shining One


Message History

The killer bee misses you. x2
You thump the killer bee!
You kill the killer bee!
The killer bee closely misses you.
You closely miss the killer bee.
The killer bee is moderately wounded.
The killer bee barely misses you. The killer bee misses you.
You miss the killer bee.
The killer bee is moderately wounded.
The killer bee misses you. The killer bee stings you!
You barely miss the killer bee.
The killer bee is moderately wounded.
The killer bee stings you.
* * * LOW HITPOINT WARNING * * *
The killer bee stings you.
* * * LOW HITPOINT WARNING * * *
You miss the killer bee.
The killer bee is moderately wounded.
The killer bee stings you but does no damage.
The killer bee closely misses you.
You miss the killer bee.
The killer bee is moderately wounded.
The killer bee barely misses you. The killer bee closely misses you.
You sock the killer bee!
The killer bee is almost dead.
The killer bee closely misses you. The killer bee stings you!
* * * LOW HITPOINT WARNING * * *
The killer bee barely misses you. The killer bee stings you.
* * * LOW HITPOINT WARNING * * *
The killer bee barely misses you. The killer bee stings you!
* * * LOW HITPOINT WARNING * * *
You sock the killer bee!
You kill the killer bee!
The killer bee completely misses you.
You sock the killer bee!
The killer bee is heavily wounded.
The killer bee stings you.
You die...

#......#
#......#
#......# #†#
#.# #.# #y#
#y#
#######.#@#
#.......#.#
#.#######.#
#.# #.# ###.#
#.#
#...#######.#
#...........#
#############


You could see 2 killer bees.

Vanquished Creatures
  Pikel (D:4)
  Sigmund (D:4)
  Menkaure (D:4)
  A lemure (D:4)
  3 killer bees (D:6)
  A hound (D:5)
  2 iguanas (D:4)
  2 orc wizards (D:4)
  A hound zombie (D:5)
  A hound skeleton (D:4)
  3 gnolls (D:2)
  2 adders
  A white imp (D:6)
  2 dart slugs
  An orc (D:3)
  An endoplasm (D:1)
  A giant cockroach (D:2)
  A goblin (D:3)
  A hobgoblin (D:3)
  A quokka (D:2)
  2 ball pythons
  4 bats
  6 kobolds
  A rat (D:2)
41 creatures vanquished.

Notes
Turn   | Place    | Note
-------+----------+-------------------------------------------
     0 | D:1      | circuitbored the Hill Orc Monk began the quest for the Orb.
     0 | D:1      | Reached XP level 1. HP: 19/19 MP: 1/1
   198 | D:2      | Identified the +6 quarterstaff of Change {holy, rPois Str+2
                  | Stlth+}
   299 | D:2      | Reached XP level 2. HP: 27/27 MP: 2/2
   334 | D:2      | Reached XP level 3. HP: 17/33 MP: 3/3
   955 | D:3      | Found a shadowy altar of Dithmenos.
  1100 | D:4      | Noticed Menkaure
  1104 | D:4      | Killed Menkaure
  1105 | D:4      | Reached skill level 1 in Armour
  1105 | D:4      | Reached XP level 4. HP: 23/41 MP: 4/4
  1105 | D:4      | Reached XP level 5. HP: 26/47 MP: 5/5
  1254 | D:4      | Found a staircase to the Ecumenical Temple.
  1254 | D:4      | Noticed Pikel
  1254 | D:4      | Noticed a lemure
  1254 | D:4      | Noticed a lemure
  1261 | D:4      | Killed a lemure
  1264 | D:4      | Noticed a lemure
  1269 | D:4      | Noticed a lemure
  1271 | D:4      | Killed Pikel
  1272 | D:4      | Reached skill level 5 in Fighting
  1272 | D:4      | Reached XP level 6. HP: 17/56 MP: 6/6
  1272 | D:4      | Reached XP level 7. HP: 19/61 MP: 7/7
  1499 | Temple   | Entered the Ecumenical Temple
  1749 | D:4      | Noticed Sigmund
  1759 | D:4      | Killed Sigmund
  1760 | D:4      | Reached XP level 8. HP: 66/69 MP: 8/8
  1770 | D:4      | Identified the +4 robe of Amelioration {Will++ Dex-4}
  1850 | D:5      | Entered Level 5 of the Dungeon
  1856 | D:5      | Reached skill level 5 in Staves
  1973 | D:6      | HP: 2/70 [killer bee (7)]
  1976 | D:6      | Slain by a killer bee

Illustrated notes

Levels and vault maps discovered:
D:1:      ncdulo_halloftheorcs, layout_loops_ring,
          hellmonk_ecumenical_altar_leap_of_faith, grunt_decor_cap,
          kennysheep_another_room
D:2:      layout_loops_ring
D:3:      layout_loops_ring, grunt_dithmenos_smoke_and_mirrors
D:4:      layout_basic, minmay_temple_entry_statues_fountains,
          minmay_a_box_with_orc_wizards_in_it, uniq_menkaure, uniq_sigmund,
          uniq_pikel
D:5:      layout_gridville, general_overflow_altar,
          mainiacjoe_overflow_six_doors_small, kennysheep_generic_room_2
D:6:      layout_basic, vehumet_statue, enter_ossuary_4
Temple:   eino_temple_rhombus

Skill      XL: |  1  2  3  4  5  6  7  8 |
---------------+-------------------------+-----
Fighting       | 4 5 |  5.7
Staves         | 2 4 5 |  5.4
Armour         | 1 3 |  3.9
Stealth        | 2 3 |  3.4
Dodging        | 3 |  3.3
Axes           | |  4.5

Action                   |  1- 3 |  4- 6 |  7- 9 || total
-------------------------+-------+-------+-------++-------
Melee: Hand axe          |     8 |       |       ||     8
       Quarterstaff      |    33 |    12 |    63 ||   108
  Use: Scroll            |     2 |       |     1 ||     3
       Potion            |     1 |       |       ||     1
 Stab: Sleeping          |     5 |       |     2 ||     7
       Distracted        |     1 |       |       ||     1
Armor: Leather armour    |    12 |       |    14 ||    26
       Robe              |     2 |       |       ||     2
Dodge: Dodged            |    25 |     8 |    54 ||    87

Table legend: (Time is in decaauts)
 A = Elapsed time spent in this place.
 B = Non-inter-level travel time spent in this place.
 C = Inter-level travel time spent in this place.
 D = Time resting spent in this place.
 E = Time spent auto-exploring this place.
 F = Levels seen in this place.
 G = Mean time per level.
                   A        B        C        D        E       F      G
               +--------+--------+--------+--------+--------+-----+--------+
         Total |   1973 |   1675 |    298 |    612 |    658 |   7 |  281.9 |
       Dungeon |   1894 |   1673 |    221 |    612 |    658 |   6 |  315.7 |
        Temple |     78 |      1 |     77 |      0 |      0 |   1 |   78.0 |
               +--------+--------+--------+--------+--------+-----+--------+

Top non-repeatable levels by time:
     D:2: 682 daAuts
     D:4: 681 daAuts
     D:3: 212 daAuts
     D:1: 191 daAuts
  Temple: 78 daAuts
     D:6: 69 daAuts
     D:5: 57 daAuts
